AoeStats
← phoenixlau.vn

Arabia

507902853Analyzed
1v1 RM · 11d ago on Sep 20, 2026· 35m 36s· 2 players
Game mode
Random Map
Map size
Tiny (2 player)
Population
200
Speed
Normal
Resources
Standard
Victory
Conquest
Starting age
Dark Age
Ending age
Imperial Age
RankedLock teamsTeams togetherTeam positionsShared explorationLock speedFull tech treeHidden civsTurbo modeCheats
Victory
Defeat
🇻🇳 Lithuanians · Vietnam
611
+23
🇦🇷 Malay · Argentina
557
-27
francomaren
3:04 Loom
14:25 Feudal Age
14:02 Double-Bit Axe
18:53 Wheelbarrow
22:12 Man-at-Arms
26:12 Padded Archer Armor
26:17 Scale Barding Armor
30:37 Castle Age
phoenixlau.vn
7:20 Loom
9:56 Feudal Age
10:31 Horse Collar
10:38 Double-Bit Axe
15:38 Gold Mining
17:54 Wheelbarrow
21:51 Castle Age
24:37 Man-at-Arms
26:07 Squires
25:30 Long Swordsman
30:35 Bloodlines
30:26 Husbandry
Connection lost

Rejoining the realm…

Still unreachable

The connection could not be restored.

Session expired

The server has moved on; the page needs a fresh start.